 Dungeon Crawl Stone Soup version 0.23.2-33-g5129a83184 (webtiles) character file.

Game seed: 2605777695722456329

16 Descartes the Magician (level 2, 0/20 HPs)
             Began as a Formicid Wanderer on Aug 12, 2019.
             Slain by an ooze (2 damage)
             ... on level 1 of the Dungeon.
             The game lasted 00:02:40 (975 turns).

Descartes the Magician (Formicid Wanderer)           Turns: 975, Time: 00:02:41

Health: 0/20       AC:  2    Str: 19    XL:     2   Next: 75%
Magic:  6/6        EV: 11    Int: 10    God:
Gold:   11         SH:  0    Dex:  8    Spells: 7/7 levels left

rFire    . . .     SeeInvis +   a - +0 club
rCold    . . .     Gourm    .   (no shield)
rNeg     . . .     Faith    .   d - +0 robe
rPois    .         Spirit   .   (helmet unavailable)
rElec    .         Reflect  .   (no cloak)
rCorr    .         Harm     .   (no gloves)
MR       .....                  (no boots)
Stlth    +.........             (no amulet)
HPRegen  0.06/turn              (no ring)
MPRegen  0.10/turn              (no ring)

@: no status effects
A: permanent stasis, dig shafts and tunnels, four strong arms, antennae 3
a: Dig, Shaft Self


You were on level 1 of the Dungeon.
You were not hungry.

You visited 1 branch of the dungeon, and saw 1 of its levels.

You collected 11 gold pieces.

Inventory:

Hand Weapons
 a - a +0 club (weapon)
 c - a +0 hunting sling
Missiles
 b - 37 arrows
 g - 51 stones (quivered)
Armour
 d - a +0 robe (worn)
Potions
 i - a potion of agility {unknown}
Miscellaneous
 e - a box of beasts
Comestibles
 f - 2 rations


   Skills:
 + Level 0.7 Fighting
 + Level 0.7 Armour
 + Level 0.4 Dodging
 - Level 1.6 Stealth
 + Level 3.4 Spellcasting
   Level 2.0 Necromancy
   Level 1.1 Transmutations
   Level 2.0 Ice Magic
 - Level 1.5 Evocations


You had 7 spell levels left.
You didn't know any spells.
Your spell library contained the following spells:

 Spells                   Type           Power        Failure   Level  Hunger
 Ensorcelled Hibernation  Hex/Ice        #.....       26%         2    ###....
 Sticks to Snakes         Tmut           #.......     26%         2    ###....
 Throw Frost              Conj/Ice       #.....       26%         2    ###....
 Passwall                 Tmut/Erth      #.......     32%         2    ###....


Dungeon Overview and Level Annotations

Branches:
Dungeon (1/15)

Altars:


Innate Abilities, Weirdness & Mutations

You cannot be hasted, slowed, berserked, paralysed or teleported.
You can dig through walls and to a lower floor.
Your four strong arms can wield two-handed weapons with a shield.
You have a pair of large antennae on your head. (SInv)


Message History

The kobold is moderately wounded.
The kobold closely misses you.
You hit the kobold but do no damage.
The kobold is moderately wounded.
The kobold barely misses you. The kobold hits you.
You barely miss the kobold. The kobold closely misses you.
You hit the kobold but do no damage. The kobold closely misses you.
You barely miss the kobold. The kobold hits you.
* * * LOW HITPOINT WARNING * * *
The kobold hits you.
* * * LOW HITPOINT WARNING * * *
You hit the kobold but do no damage. The kobold misses you.
The kobold barely misses you.
You barely miss the kobold. The kobold barely misses you.
You hit the kobold.
You kill the kobold!
You barely miss the ooze. The ooze hits you.
* * * LOW HITPOINT WARNING * * *
The hobgoblin closely misses you. The ooze hits you.
You die...

## #.# .# #...≈...
...#.#..# #..≈...
#..#.#..#
#..≈..######..#.#..#
#.≈...... .........
#.≈....# #.##.....
#.g....# #.##.#..[
#.##g>.# #...)....
#(J@...# ##.##.#...
####...####...#.#÷..
#...##...#....÷..
#......#...#.##..
#########.###.##.##.#
##......##.#
#..).....
###........#.#
#.#######
#.#...≈....#.# #÷#
###.#.....≈..### #.#


You could see an ooze and a hobgoblin.

Vanquished Creatures
  A dart slug (D:1)
  A leopard gecko (D:1)
  A giant cockroach (D:1)
  A hobgoblin (D:1)
  4 kobolds (D:1)
  3 bats (D:1)
  A frilled lizard (D:1)
  3 rats (D:1)
15 creatures vanquished.

Notes
Turn   | Place    | Note
-------+----------+-------------------------------------------
     0 | D:1      | Descartes the Formicid Wanderer began the quest for the
                  | Orb.
     0 | D:1      | Descartes set off with the following items: a +0 club, a +0
                  | robe, a box of beasts, a ration; and the following spells
                  | available to memorise: Sticks to Snakes, Ensorcelled
                  | Hibernation, Throw Frost, Passwall
     0 | D:1      | Reached XP level 1. HP: 13/13 MP: 4/4
   379 | D:1      | Reached XP level 2. HP: 15/19 MP: 6/6
   975 | D:1      | Slain by an ooze

Action                   || total
-------------------------++-------
Melee: Club              ||    80
 Stab: Sleeping          ||     1
Armor: Robe              ||    23
Dodge: Dodged            ||    78
